 Dungeon Crawl Stone Soup version 0.31.0-10-gcf4a605ca0 (webtiles) character file.

Game seed: 6615521819633896200

106 Daunt the Digger (level 4, -2/32 HPs)
             Began as a Gnoll Earth Elementalist on Jan 25, 2024.
             Slain by a gnoll
             ... wielding a +0 club
              (5 damage)
             ... on level 2 of the Dungeon.
             The game lasted 00:09:07 (835 turns).

Daunt the Digger (Gnoll Earth Elementalist)          Turns: 835, Time: 00:09:08

Health: -2/32      AC:  3    Str:  7    XL:     4   Next: 84%
Magic:  5/11       EV: 13    Int: 16    God:
Gold:   78         SH:  0    Dex: 13    Spells: 6/13 levels left

rFire   . . .        a - +0 halberd
rCold   . . .        (shield currently unavailable)
rNeg    . . .        j - +0 robe
rPois   .            (no helmet)
rElec   .            (no cloak)
rCorr   .            q - +0 pair of gloves
SInv    .            (no boots)
Will    .....        (no amulet)
Stlth   +++          (no ring)
HPRegen 0.25/turn    (no ring)
MPRegen 0.12/turn

%: no passive effects
@: no status effects
A: fangs 1, strong nose, distributed training
a: no special abilities


You were on level 2 of the Dungeon.
You visited 1 branch of the dungeon, and saw 3 of its levels.

You collected 78 gold pieces.

Inventory:

Hand Weapons
 a - a +0 halberd (weapon)
 b - a +0 sling
 f - a +0 dagger
 r - a +0 whip of venom
Missiles
 h - 11 stones
 n - 3 poisoned darts
Armour
 j - a +0 robe (worn)
 q - a +0 pair of gloves (worn)
Jewellery
 c - a ring of ice
Talismans
 e - a flux talisman
 o - a blade talisman
Scrolls
 k - a scroll of vulnerability {unknown}
 l - a scroll of fog {unknown}
 p - a scroll of identify {unknown}
Potions
 d - a potion of curing {unknown}
 g - a potion of lignification {unknown}
 i - a potion of attraction {unknown}
 m - 2 potions of magic
 s - 2 potions of cancellation {unknown}
 t - a potion of invisibility {unknown}
 u - a potion of brilliance {unknown}


   Skills:
 + Level 1.3 Fighting
 + Level 1.3 Short Blades
 + Level 1.3 Long Blades
 + Level 1.3 Axes
 + Level 1.3 Maces & Flails
 + Level 1.3 Polearms
 + Level 1.3 Staves
 + Level 1.3 Ranged Weapons
 + Level 1.3 Throwing
 + Level 1.3 Armour
 + Level 4.7 Dodging
 + Level 4.3 Stealth
 + Level 1.3 Shields
 + Level 1.3 Unarmed Combat
 + Level 5.1 Spellcasting
 + Level 2.3 Conjurations
 + Level 1.0 Hexes
 + Level 1.0 Summonings
 + Level 1.0 Necromancy
 + Level 1.0 Translocations
 + Level 1.0 Fire Magic
 + Level 1.0 Ice Magic
 + Level 1.0 Air Magic
 + Level 5.5 Earth Magic
 + Level 1.0 Alchemy
 + Level 1.4 Invocations
 + Level 1.3 Evocations
 + Level 1.2 Shapeshifting


You had 6 spell levels left.
You knew the following spells:

 Your Spells              Type           Power      Damage    Failure   Level
a - Sandblast             Erth           42%        2d11      1%          1
p - Passwall              Erth           21%        N/A       4%          3
s - Stone Arrow           Conj/Erth      32%        3d9       9%          3

Your spell library contained the following spells:

 Spells                   Type           Power      Damage    Failure   Level
 Inner Flame              Hex/Fire       7%         N/A       28%         3
 Brom's Barrelling Bould  Conj/Erth      16%        2d4       30%         4
 Petrify                  Alch/Erth      14%        N/A       36%         4
 Flame Wave               Conj/Fire      9%         2d6       58%         4
 Sticky Flame             Fire/Alch      7%         2d4       67%         4


Dungeon Overview and Level Annotations

Branches:
Dungeon (3/15)

Altars:
The Shining One


Innate Abilities, Weirdness & Mutations

You have very sharp teeth.
Your uncanny sense of smell can sniff out nearby items.
Your experience applies equally to all skills.


Message History

* * * LOW HITPOINT WARNING * * *
The gnoll attacks as it pursues you! The gnoll hits you but does no damage.
The orc attacks as it pursues you! The orc closely misses you.
The orc attacks as it pursues you! The orc barely misses you.
Casting: Sandblast (safe; 1% risk of failure)
Confirm with . or Enter, or press ? or * to list all spells.
Aiming: Sandblast (safe; 1% risk of failure)
Press: ? - help, Shift-Dir - straight line, f/p - gnoll
Aim: a gnoll, wielding a +0 club and wearing a +0 robe (heavily wounded, 85% to hit)
The blast of sand misses the orc.
The blast of sand hits the gnoll.
The gnoll is severely wounded.
The orc closely misses you.
Casting: Sandblast (safe; 1% risk of failure)
Confirm with . or Enter, or press ? or * to list all spells.
Aiming: Sandblast (safe; 1% risk of failure)
Press: ? - help, Shift-Dir - straight line, f/p - gnoll
Aim: a gnoll, wielding a +0 club and wearing a +0 robe (severely wounded, 85% to hit)
The blast of sand misses the orc.
The blast of sand hits the gnoll but does no damage.
The gnoll is severely wounded.
The orc misses you. The orc hits you with a +0 club.
* * * LOW HITPOINT WARNING * * *
Casting: Sandblast (safe; 1% risk of failure)
Confirm with . or Enter, or press ? or * to list all spells.
Aiming: Sandblast (safe; 1% risk of failure)
Press: ? - help, Shift-Dir - straight line, f/p - gnoll
Aim: a gnoll, wielding a +0 club and wearing a +0 robe (severely wounded, 85% to hit)
The blast of sand hits the orc!
You kill the orc!
The gnoll hits you with a +0 club.
* * * LOW HITPOINT WARNING * * *
Casting: Sandblast (safe; 1% risk of failure)
Confirm with . or Enter, or press ? or * to list all spells.
Aiming: Sandblast (safe; 1% risk of failure)
Press: ? - help, Shift-Dir - straight line, f/p - gnoll
Aim: a gnoll, wielding a +0 club and wearing a +0 robe (severely wounded, 85% to hit)
The blast of sand hits the gnoll.
The gnoll is almost dead.
The gnoll hits you with a +0 club.
You die...

##### ####.#####....#.#
#. ....# #....#
#..#.#.# #.
##########.#####..#.#.#
## .......#
#........#.#.#
.###.#.####.....###.#.#
.# #.......#.##>....#.#
.#########.#........#.#
........##.#.######.#.#
........##.#....@g....#
........##.########.###
.#########.# #.#
.#.....# ### ###
.#....## †#...## .#..##
.#..# .#..#


You could see a gnoll.

Vanquished Creatures
  2 adders (D:2)
  6 gnolls (D:3)
  A dart slug (D:2)
  2 orcs
  2 bats (D:3)
  3 endoplasms
  3 giant cockroaches
  2 goblins
  A kobold (D:1)
  4 ball pythons
  A frilled lizard (D:3)
  5 rats
32 creatures vanquished.

Notes
Turn   | Place    | Note
-------+----------+-------------------------------------------
     0 | D:1      | Daunt the Gnoll Earth Elementalist began the quest for the
                  | Orb.
     0 | D:1      | Reached XP level 1. HP: 13/13 MP: 6/6
   206 | D:2      | Reached XP level 2. HP: 19/19 MP: 5/7
   421 | D:3      | Reached skill level 5 in Spellcasting
   421 | D:3      | Reached XP level 3. HP: 25/25 MP: 5/9
   428 | D:3      | Reached skill level 1 in Invocations
   430 | D:3      | Reached skill level 1 in Fighting
   430 | D:3      | Reached skill level 1 in Short Blades
   430 | D:3      | Reached skill level 1 in Long Blades
   430 | D:3      | Reached skill level 1 in Axes
   430 | D:3      | Reached skill level 1 in Maces & Flails
   430 | D:3      | Reached skill level 1 in Polearms
   430 | D:3      | Reached skill level 1 in Staves
   430 | D:3      | Reached skill level 1 in Ranged Weapons
   430 | D:3      | Reached skill level 1 in Throwing
   430 | D:3      | Reached skill level 1 in Armour
   430 | D:3      | Reached skill level 1 in Shields
   430 | D:3      | Reached skill level 1 in Unarmed Combat
   430 | D:3      | Reached skill level 1 in Evocations
   434 | D:3      | Reached skill level 1 in Shapeshifting
   434 | D:3      | Reached XP level 4. HP: 24/32 MP: 1/11
   455 | D:2      | Learned a level 3 spell: Passwall
   459 | D:2      | Learned a level 3 spell: Stone Arrow
   615 | D:3      | Reached skill level 1 in Hexes
   615 | D:3      | Reached skill level 1 in Summonings
   615 | D:3      | Reached skill level 1 in Necromancy
   615 | D:3      | Reached skill level 1 in Translocations
   615 | D:3      | Reached skill level 1 in Fire Magic
   615 | D:3      | Reached skill level 1 in Ice Magic
   615 | D:3      | Reached skill level 1 in Air Magic
   615 | D:3      | Reached skill level 1 in Alchemy
   617 | D:3      | Found a glowing golden altar of the Shining One.
   835 | D:2      | Slain by a gnoll

Illustrated notes

Levels and vault maps discovered:
D:1:      lightli_arrival_chessboard, layout_basic, st_stairs_7, corner_web_ring
D:2:      layout_basic, serial_aquarium, aquarium_bridge_long_joined
          [aquarium_subvault_window, aquarium_subvault_bridge,
          aquarium_subvault_window, aquarium_subvault_bridge,
          aquarium_subvault_bridge, aquarium_subvault_bridge],
          aquarium_bridge_square [aquarium_subvault_balcony,
          aquarium_subvault_bridge, aquarium_subvault_bridge,
          aquarium_subvault_balcony], aquarium_window_2, aquarium_window_fake,
          aquarium_view_2d, nrook_uturn
D:3:      layout_rooms, mainiacjoe_overflow_tiny_flanked, dk_vineyard_1,
          st_stairs_10

Skill      XL: |  1  2  3  4 |
---------------+-------------+-----
Conjurations   | 2 |  2.3
Spellcasting   | 5 |  5.1
Invocations    | 1 |  1.4
Fighting       | 1 |  1.3
Short Blades   | 1 |  1.3
Long Blades    | 1 |  1.3
Axes           | 1 |  1.3
Maces & Flails | 1 |  1.3
Polearms       | 1 |  1.3
Staves         | 1 |  1.3
Ranged Weapons | 1 |  1.3
Throwing       | 1 |  1.3
Armour         | 1 |  1.3
Shields        | 1 |  1.3
Unarmed Combat | 1 |  1.3
Evocations     | 1 |  1.3
Shapeshifting  | 1 |  1.2
Hexes          | 1 |  1.0
Summonings     | 1 |  1.0
Necromancy     | 1 |  1.0
Translocations | 1 |  1.0
Fire Magic     | 1 |  1.0
Ice Magic      | 1 |  1.0
Air Magic      | 1 |  1.0
Alchemy        | 1 |  1.0
Dodging        | |  4.7
Stealth        | |  4.3
Earth Magic    | |  5.5

Action                     |  1- 3 |  4- 6 || total
---------------------------+-------+-------++-------
  Melee: Dagger            |     4 |     2 ||     6
         Halberd           |       |    16 ||    16
         Whip              |       |     3 ||     3
         Bite              |       |     3 ||     3
   Fire: Sling             |       |     3 ||     3
   Cast: Sandblast         |    22 |    22 ||    44
         Passwall          |       |     2 ||     2
   Stab: Sleeping          |       |     1 ||     1
 Armour: Robe              |     4 |    30 ||    34
  Dodge: Dodged            |     9 |    36 ||    45
